 Dungeon Crawl Stone Soup version 0.19.0-18-g426998a (webtiles) character file.

324 Plasmo the Magician (level 6, -3/41 HPs)
             Began as a High Elf Wizard on Nov 11, 2016.
             Slain by an orc priest
             ... wielding a cursed -2 dagger
              (6 damage)
             ... on level 4 of the Dungeon.
             The game lasted 00:15:42 (4359 turns).

Plasmo the Magician (High Elf Wizard)               Turns: 4359, Time: 00:15:42

Health: -3/41      AC:  7    Str:  8    XL:     6   Next: 23%
Magic:  3/13       EV: 12    Int: 22    God:
Gold:   212        SH:  0    Dex: 14    Spells: 5 memorised, 2 levels left

rFire  . . .     SeeInvis .     m - +0 short sword
rCold  . . .     Gourm    .     e - +1 leather armour
rNeg   . . .     Faith    .     (no shield)
rPois  .         Spirit   .     b - +0 hat
rElec  .         Reflect  .     (no cloak)
rCorr  .         Harm     .     (no gloves)
MR     .....                    (no boots)
Stlth  +++.......               (no amulet)
                                t - ring of stealth
                                q - +3 ring of protection

@: very slightly contaminated
A: no striking features
a: no special abilities


You were on level 4 of the Dungeon.
You were very hungry.

You visited 1 branch of the dungeon, and saw 4 of its levels.

You collected 212 gold pieces.

Inventory:

Hand Weapons
 m - a +0 short sword (weapon)
 A - a +0 blowgun
Missiles
 B - 3 poisoned needles
Armour
 b - a +0 hat (worn)
 e - a +1 leather armour (worn)
Jewellery
 q - a +3 ring of protection (left hand)
 t - a ring of stealth (right hand)
 C - an uncursed ring of fire
Wands
 n - a wand of disintegration (21/24)
Scrolls
 g - 2 scrolls of remove curse
 k - a scroll of amnesia
 o - a scroll of recharging
 p - 2 scrolls of teleportation
Potions
 a - a potion of haste
 h - a potion of agility {unknown}
 i - 3 potions of flight
 j - a potion of heal wounds {unknown}
 l - a potion of degeneration {unknown}
 r - a potion of cancellation {unknown}
 s - 3 potions of lignification {unknown}
 z - a potion of might {unknown}
Books
 c - a book of Minor Magic

   Spells                             Type                      Level
   a - Magic Dart                     Conjuration                  1
   b - Blink                          Translocation                2
   c - Call Imp                       Summoning                    2
   d - Repel Missiles                 Charms/Air                   2
   e - Slow                           Hexes                        2
   f - Conjure Flame                  Conjuration/Fire             3
   g - Mephitic Cloud                 Conjuration/Poison/Air       3
Comestibles
 d - 3 bread rations
 f - a meat ration
 w - a slice of pizza


   Skills:
 * Level 2.4 Fighting
 + Level 1.9 Throwing
 * Level 1.5 Armour
 * Level 3.0 Dodging
 - Level 2.2 Stealth
 * Level 4.4 Spellcasting
 * Level 2.1 Conjurations
 - Level 0.8 Summonings
 - Level 1.1 Translocations
 * Level 2.2 Fire Magic
 * Level 1.6 Air Magic
 + Level 0.6 Evocations


You had 2 spell levels left.
You knew the following spells:

 Your Spells              Type           Power        Failure   Level  Hunger
a - Magic Dart            Conj           ##..         10%         1    None
b - Call Imp              Summ           #.......     21%         2    #......
c - Conjure Flame         Conj/Fire      ##......     21%         3    ##.....
d - Mephitic Cloud        Conj/Pois/Air  ##......     30%         3    ##.....
e - Blink                 Tloc           N/A          17%         2    #......


Dungeon Overview and Level Annotations

Branches:
Dungeon (4/15)
 Temple: D:4-7

Altars:


Message History

You hit the orc priest.
The orc priest is severely wounded.
The orc priest barely misses you.
You closely miss the orc priest.
The orc priest is severely wounded.
The orc priest barely misses you.
You closely miss the orc priest.
The orc priest is severely wounded.
The orc priest calls down the wrath of Beogh upon you.
Pain shoots through your body!
You closely miss the orc priest.
The orc priest is severely wounded.
The orc priest hits you but does no damage.
The orc priest mumbles some strange prayers to Beogh against you.
Pain shoots through your body!
* * * LOW HITPOINT WARNING * * *
You completely miss the orc priest.
The orc priest is severely wounded.
The orc priest hits you with a dagger.
You die...

..##......(...#.#
..........().>#.#####
.......o......#.....#
##.##.##.....##.###.#
#. #.o......##.###.#
#. ###.#.........#.#
#.####)#####.......#
#....†.# #o###.###
#....### #@# #.#
#..oo#######.# #.#
#............# #.#
#....######### #.#
#....# #.# ..#....#
#.# #.#....# #.#
#.#....# #.# #.#....#
#.#


You could see an orc priest.

Vanquished Creatures
  Sigmund (D:4)
  Jessica (D:2)
  5 adders
  3 worms (D:2)
  2 dart slugs (D:2)
  5 leopard geckos
  3 orcs
  7 bats
  3 giant cockroaches
  7 goblins
  11 hobgoblins
  10 jackals
  9 kobolds
  3 quokkas
  9 frilled lizards
  5 rats
84 creatures vanquished.

Notes
Turn   | Place    | Note
-------+----------+-------------------------------------------
     0 | D:1      | Plasmo the High Elf Wizard began the quest for the Orb.
     0 | D:1      | Reached XP level 1. HP: 11/11 MP: 6/6
   156 | D:1      | Reached XP level 2. HP: 18/18 MP: 5/7
   160 | D:1      | Learned a level 2 spell: Call Imp
   446 | D:1      | Reached skill level 1 in Fighting
   709 | D:1      | Reached skill level 1 in Throwing
   869 | D:1      | Reached XP level 3. HP: 6/23 MP: 0/9
  1261 | D:1      | Learned a level 3 spell: Conjure Flame
  1265 | D:1      | Learned a level 3 spell: Mephitic Cloud
  1691 | D:2      | Noticed Jessica
  1883 | D:2      | Killed Jessica
  1883 | D:2      | Reached skill level 1 in Armour
  1883 | D:2      | Reached skill level 4 in Spellcasting
  1933 | D:2      | Reached XP level 4. HP: 6/28 MP: 0/11
  2514 | D:2      | Reached skill level 1 in Fire Magic
  3629 | D:3      | Reached skill level 1 in Air Magic
  3739 | D:3      | Found a faded altar of an unknown god.
  3766 | D:3      | Reached XP level 5. HP: 27/34 MP: 6/12
  3770 | D:3      | Learned a level 2 spell: Blink
  4136 | D:4      | Noticed Sigmund
  4160 | D:4      | Killed Sigmund
  4160 | D:4      | Reached XP level 6. HP: 41/41 MP: 2/13
  4359 | D:4      | Slain by an orc priest

Skill      XL: |  1  2  3  4  5 |
---------------+----------------+-----
Fighting       | 1 2 |  2.4
Throwing       | 1 |  1.9
Armour         | 1 |  1.5
Spellcasting   | 4 |  4.4
Fire Magic     | 1 2 |  2.2
Air Magic      | 1 |  1.6
Dodging        | 3 |  3.0
Conjurations   | 2 |  2.1
Stealth        | |  2.2
Summonings     | |  0.8
Translocations | |  1.1
Evocations     | |  0.6

Action                   |  1- 3 |  4- 6 || total
-------------------------+-------+-------++-------
Melee: Unarmed           |    42 |       ||    42
       Short sword       |    27 |   145 ||   172
 Fire: Blowgun           |       |    16 ||    16
 Cast: Magic Dart        |   100 |    78 ||   178
       Conjure Flame     |     2 |     3 ||     5
       Mephitic Cloud    |     1 |     5 ||     6
  Use: Scroll            |     3 |     6 ||     9
 Stab: Confused          |     1 |     1 ||     2
       Sleeping          |       |     4 ||     4
  Eat: Chunk             |     3 |     7 ||    10
Armor: Leather armour    |    30 |    47 ||    77
Dodge: Dodged            |    79 |    92 ||   171
